 Dungeon Crawl Stone Soup version 0.29.1-12-g30fa7ad0bf (webtiles) character file.

Game seed: 15483589618201194030

25 ThatPearl the Trooper (level 2, 0/27 HPs)
             Began as a Minotaur Monk on Jan 3, 2023.
             Slain by Jessica
             ... wielding a +0 dagger
              (7 damage)
             ... on level 2 of the Dungeon.
             The game lasted 00:01:45 (1141 turns).

ThatPearl the Trooper (Minotaur Monk)               Turns: 1141, Time: 00:01:45

Health: 0/27       AC:  5    Str: 15    XL:     2   Next: 86%
Magic:  1/1        EV: 11    Int:  7    God:
Gold:   65         SH:  0    Dex: 12    Spells: 1/1 levels left

rFire   . . .      SeeInvis .   a - +0 hand axe
rCold   . . .      Faith    .   (no shield)
rNeg    . . .      Spirit   .   i - +0 ring mail
rPois   .          Reflect  .   (helmet restricted)
rElec   .          Harm     .   (no cloak)
rCorr   .          Rampage  .   (no gloves)
Will    .....                   (no boots)
Stlth   +.........              (no amulet)
HPRegen 0.09/turn               (no ring)
MPRegen 0.07/turn               (no ring)

@: no status effects
A: horns 2, retaliatory headbutt
a: no special abilities


You were on level 2 of the Dungeon.
You visited 1 branch of the dungeon, and saw 2 of its levels.

You collected 65 gold pieces.

Inventory:

Hand Weapons
 a - a +0 hand axe (weapon)
 k - a +0 short sword of flaming
Missiles
 d - 4 poisoned darts (quivered)
Armour
 i - a +0 ring mail (worn)
Scrolls
 b - a scroll of fear {unknown}
 e - 3 scrolls of identify {unknown}
 h - a scroll of silence {unknown}
Potions
 c - a potion of ambrosia
 f - 2 potions of curing {unknown}
 g - a potion of invisibility {unknown}
 j - 2 potions of magic {unknown}


   Skills:
 + Level 4.1 Fighting
 + Level 4.1 Axes
 + Level 1.7 Armour
 - Level 3.2 Dodging
 - Level 1.5 Stealth


You had one spell level left.
You didn't know any spells.
Your spell library was empty.

Dungeon Overview and Level Annotations

Branches:
Dungeon (2/15)

Altars:

Annotations:
D:2 Jessica


Innate Abilities, Weirdness & Mutations

You have a pair of horns on your head.
You reflexively headbutt those who attack you in melee.


Message History

Jessica grins evilly.
The goblin shouts!
You hit Jessica.
Jessica is lightly wounded.
Jessica shouts, "I don't like beings like you!"
Jessica drinks a potion.
Jessica seems to grow stronger.
You hit Jessica.
Jessica is heavily wounded.
Jessica hits you with a +0 dagger.
You hit Jessica.
Jessica is heavily wounded.
You closely miss the goblin. The goblin hits you but does no damage.
Jessica hits you but does no damage.
You hit Jessica but do no damage.
Jessica is heavily wounded.
You hit the goblin. The goblin hits you but does no damage.
Jessica gestures wildly while chanting.
Jessica seems to speed up.
You barely miss Jessica. Your headbutt misses Jessica.
Jessica is heavily wounded.
You barely miss the goblin. Jessica hits you with a +0 dagger.
The goblin closely misses you. Jessica hits you with a +0 dagger!
You hit Jessica but do no damage. You headbutt Jessica, but do no damage.
Jessica is heavily wounded.
You hit the goblin.
You kill the goblin!
Jessica casts a spell.
Jessica blinks!
Throw: 5 darts (poison)
Press: ? - help, Q - select action Shift-Dir - straight line, f - Jessica
Aim: Jessica, wielding a +0 dagger and wearing a +0 robe (heavily wounded, fast, strong, 59% to hit)
You throw a poisoned dart.
The poisoned dart closely misses Jessica.
Jessica hits you with a +0 dagger.
* * * LOW HITPOINT WARNING * * *
You hit Jessica.
Jessica is severely wounded.
Jessica mumbles something strange.
Jessica hits you with a +0 dagger!
You die...

# .# ..
###########.#.##
.........@ยง....#
######..@)...##
#<..(...##
#.#####.# #.# .#
#.# # #.# #.# #..


You could see Jessica (fast, strong).

Vanquished Creatures
  2 dart slugs (D:1)
  A bat (D:1)
  An endoplasm (D:1)
  A giant cockroach (D:1)
  3 goblins
  2 hobgoblins (D:1)
  4 kobolds (D:1)
  2 ball pythons (D:1)
  A frilled lizard (D:1)
  A rat (D:1)
18 creatures vanquished.

Notes
Turn   | Place    | Note
-------+----------+-------------------------------------------
     0 | D:1      | ThatPearl the Minotaur Monk began the quest for the Orb.
     0 | D:1      | Reached XP level 1. HP: 19/19 MP: 0/0
   242 | D:1      | Reached skill level 1 in Armour
   247 | D:1      | Reached XP level 2. HP: 24/27 MP: 1/1
  1130 | D:2      | Noticed Jessica
  1141 | D:2      | Slain by Jessica

Illustrated notes

Levels and vault maps discovered:
D:1:      evilmike_arrival_hilbert_curve, layout_basic, grunt_decor_arrowhead
D:2:      layout_loops_ring, serial_shops, nicolae_shop_window_shopping,
          nicolae_shop_bloodbath_and_beyond, lexackson_kobold_supper,
          uniq_jessica

Skill      XL: |  1  2 |
---------------+-------+-----
Armour         | 1 |  1.7
Fighting       | 4 |  4.1
Axes           | 4 |  4.1
Dodging        | |  3.2
Stealth        | |  1.5

Action                   || total
-------------------------++-------
Melee: Hand axe          ||    42
       Headbutt          ||     7
       Punch             ||     1
Throw: Dart              ||     1
 Stab: Sleeping          ||     2
Armor: Robe              ||     2
       Ring mail         ||     9
Dodge: Dodged            ||    16
